 Dungeon Crawl Stone Soup version 0.31-a0-188-g5e087ee2ca (webtiles) character file.

Game seed: 11145022294470625626

199 qw the Skirmisher (level 5, 0/29 HPs)
             Began as a Deep Elf Hunter on June 23, 2023.
             Slain by a scorpion (6 damage)
             ... on level 4 of the Dungeon.
             The game lasted 00:00:58 (2675 turns).

qw the Skirmisher (Deep Elf Hunter)                 Turns: 2675, Time: 00:00:59

Health: 0/29       AC:  7    Str: 16    XL:     5   Next: 48%
Magic:  7/7        EV: 10    Int: 14    God:
Gold:   141        SH:  0    Dex: 18    Spells: 4/4 levels left

rFire   + . .        Y - +0 shortbow (freeze)
rCold   + . .        (shield currently unavailable)
rNeg    . . .        e - +1 scale mail {rC+}
rPois   .            (no helmet)
rElec   .            (no cloak)
rCorr   .            (no gloves)
SInv    .            (no boots)
Will    .....        (no amulet)
Stlth   +            k - ring of protection from fire
HPRegen 0.24/turn    i - +6 ring of strength
MPRegen 0.10/turn

%: no passive effects
@: no status effects
A: no striking features
a: no special abilities


You were on level 4 of the Dungeon.
You visited 1 branch of the dungeon, and saw 4 of its levels.

You collected 141 gold pieces.


   Skills:
 - Level 1.5 Fighting
 + Level 8.8 Ranged Weapons
 - Level 3.0 Dodging
 - Level 1.2 Stealth


You had 4 spell levels left.
You didn't know any spells.
Your spell library was empty.

Inventory:

Hand Weapons
 Y - a +0 shortbow of freezing (weapon)
Armour
 e - a +1 scale mail of cold resistance (worn)
Jewellery
 h - the ring of Sin {*Corrode +Blink rN+ Will+ Str+2}
   (You found it on level 2 of the Dungeon)

   [ring of willpower]

   Str:       It affects your strength (+2).
   rN:        It protects you from negative energy.
   +Blink:    It lets you blink.
   *Corrode:  It may corrode you when you take damage.
   Will:      It increases your willpower.
 i - a +6 ring of strength (right hand)
 k - a ring of protection from fire (left hand)
Scrolls
 m - a scroll of identify
Potions
 a - a potion of haste {unknown}
 b - a potion of berserk rage {unknown}
 d - a potion of lignification {unknown}
 f - a potion of invisibility {unknown}
 g - a potion of heal wounds {unknown}
 o - a potion of might {unknown}

Dungeon Overview and Level Annotations

Branches:
Dungeon (4/15)
 Temple: D:4-7

Altars:
Makhleb
Xom


Message History

The scorpion is lightly wounded.
You shoot an arrow.
The arrow hits the scorpion but does no damage.
The scorpion is lightly wounded.
The scorpion stings you. The orc hits you but does no damage.
You shoot an arrow. The arrow closely misses the scorpion.
The scorpion barely misses you. The orc hits you but does no damage.
The scorpion completely misses you.
You shoot an arrow. The arrow hits the scorpion.
The arrow freezes the scorpion.
The scorpion is moderately wounded.
The orc barely misses you. The scorpion barely misses you.
You shoot an arrow. The arrow hits the scorpion.
The arrow freezes the scorpion.
The scorpion is heavily wounded.
The scorpion stings you. The orc hits you with a +0 club.
The scorpion stings you but does no damage.
The orc barely misses you.
You shoot an arrow. The arrow closely misses the scorpion.
The scorpion stings you. The orc hits you with a +0 club.
You shoot an arrow. The arrow hits the scorpion.
The arrow freezes the scorpion.
The scorpion is heavily wounded.
The scorpion stings you. The orc barely misses you.
You shoot an arrow. The arrow barely misses the scorpion.
The scorpion stings you. The orc hits you but does no damage.
The scorpion barely misses you.
You shoot an arrow. The arrow barely misses the scorpion.
The scorpion stings you. The orc closely misses you.
You shoot an arrow.
The arrow hits the scorpion but does no damage.
The scorpion is heavily wounded.
The scorpion closely misses you. The orc hits you but does no damage.
The scorpion stings you. The orc closely misses you.
You shoot an arrow. The arrow hits the scorpion.
The arrow freezes the scorpion.
The scorpion is almost dead.
The scorpion barely misses you. The orc hits you but does no damage.
You shoot an arrow. The arrow closely misses the scorpion.
The scorpion stings you but does no damage.
The orc hits you but does no damage.
You shoot an arrow. The arrow closely misses the scorpion.
The scorpion stings you.
You die...

#..##..#
#../...#
#......#
......# .....#
....# #...#
.####+##@..##
.......so...#
............#
...?.........#
.............#
.............#
....)........#
............#
.##...##...##


You could see a scorpion and an orc.

Vanquished Creatures
  An orc priest (D:4)
  An iguana (D:4)
  3 gnolls (D:3)
  3 adders
  A worm (D:3)
  A dart slug (D:1)
  10 orcs
  A ball python (D:3)
  6 bats
  4 endoplasms
  A giant cockroach (D:2)
  5 goblins
  4 hobgoblins
  7 jackals
  5 quokkas
  2 frilled lizards (D:2)
  7 kobolds
  7 rats
  2 butterflies (D:3)
71 creatures vanquished.

Notes
Turn   | Place    | Note
-------+----------+-------------------------------------------
     0 | D:1      | qw the Deep Elf Hunter began the quest for the Orb.
     0 | D:1      | Reached XP level 1. HP: 12/12 MP: 3/3
     0 | D:1      | 0 ||| qw: Version: 0.3-a-9-g12657ce
     0 | D:1      | 0 ||| qw: Game counter: 4237
     0 | D:1      | 0 ||| qw: Always use a shield: true
     0 | D:1      | 0 ||| qw: God list: Okawaru
     0 | D:1      | 0 ||| qw: Allow faded altars: false
     0 | D:1      | 0 ||| qw: Do Orc after D:15 true
     0 | D:1      | 0 ||| qw: Do second Lair branch before Depths: true
     0 | D:1      | 0 ||| qw: Lair rune preference: random
     0 | D:1      | 0 ||| qw: Plans: Normal
     0 | D:1      | 0 ||| PLANNING D:1-11
   222 | D:1      | Reached XP level 2. HP: 16/16 MP: 4/4
   231 | D:1      | Reached skill level 6 in Ranged Weapons
   705 | D:1      | 705 ||| READING scroll labelled VEUV VEOMPOSI.
   806 | D:1      | 806 ||| READING scroll labelled PUGUQ LOGAOVU.
   807 | D:1      | 807 ||| READING scroll labelled GUWUVV WETS.
   808 | D:1      | 808 ||| DROPPING scroll of butterflies.
   863 | D:2      | Reached XP level 3. HP: 20/20 MP: 5/5
  1021 | D:2      | Identified the ring of Sin {*Corrode +Blink rN+ Will+
                  | Str+2}
  1039 | D:2      | Found a burning altar of Makhleb.
  1044 | D:2      | Reached skill level 7 in Ranged Weapons
  1340 | D:2      | 1340 ||| UPGRADING to ring of Sin {*Corrode +Blink rN+
                  | Will+ Str+2}.
  1341 | D:2      | 1341 ||| UPGRADING to +6 ring of strength.
  1342 | D:2      | 1342 ||| READING scroll labelled KUOSID YLOPELY.
  1477 | D:3      | Reached XP level 4. HP: 25/25 MP: 6/6
  1702 | D:3      | Reached skill level 8 in Ranged Weapons
  1703 | D:3      | HP: 6/25 [poisoned by an adder]
  1708 | D:3      | HP: 2/25 [poisoned by an adder]
  1827 | D:3      | Found a shimmering altar of Xom.
  2143 | D:3      | Reached skill level 3 in Dodging
  2446 | D:3      | 2446 ||| UPGRADING to ring of protection from fire.
  2448 | D:3      | 2448 ||| READING scroll labelled ASIESI OHUTOGUUSCH.
  2449 | D:3      | 2449 ||| READING scroll labelled SAECUPNUFETH.
  2453 | D:3      | 2453 ||| READING scroll labelled HUSKAD AQOPA.
  2454 | D:3      | 2454 ||| READING scroll labelled ZAYNIHITAO.
  2478 | D:4      | HP: 5/25 [iguana (3)]
  2483 | D:4      | HP: 2/25 [iguana (4)]
  2486 | D:4      | Reached XP level 5. HP: 3/29 MP: 7/7
  2489 | D:4      | 2489 ||| FLEEEEING.
  2490 | D:4      | 2490 ||| FLEEEEING.
  2491 | D:4      | 2491 ||| STAIRDANCE
  2593 | D:4      | 2593 ||| STAIRDANCE
  2630 | D:3      | 2630 ||| UPGRADING to +1 scale mail of cold resistance.
  2640 | D:3      | 2640 ||| DROPPING +0 leather armour.
  2672 | D:4      | HP: 5/29 [scorpion (4)]
  2675 | D:4      | Slain by a scorpion

Levels and vault maps discovered:
D:1:      roderic_crossed_star, layout_basic
D:2:      layout_basic, basic_altar
D:3:      layout_loops_corners, xom_butterflies
D:4:      black_bear_nest_2, layout_gridville, mainiacjoe_overflow_divided_tiny,
          nicolae_overflow_crystal_walls, serial_shops, shop,
          gammafunk_ghost_cemetery

Skill      XL: |  1  2  3  4 |
---------------+-------------+-----
Ranged Weapons | 6 7 8 |  8.8
Dodging        | 3 |  3.0
Fighting       | |  1.5
Stealth        | |  1.2

Action                     |  1- 3 |  4- 6 || total
---------------------------+-------+-------++-------
   Fire: Shortbow          |    93 |   131 ||   224
    Use: Scroll            |     4 |     4 ||     8
 Armour: Leather armour    |     5 |     8 ||    13
         Scale mail        |       |     8 ||     8
  Dodge: Dodged            |    19 |    41 ||    60

Table legend:
 A = Non-vault XP
 B = Vault XP
 C = Vault XP percentage of total XP
 D = Non-vault monster count
 E = Vault monster count
 F = Vault count percentage of total count
                 A         B        C        D         E       F
            +---------+---------+-------+---------+---------+-------
      Total |     285 |       0 |   0.0 |      69 |       0 |   0.0
            +---------+---------+-------+---------+---------+-------
        D:1 |      33 |       0 |   0.0 |      19 |       0 |   0.0
        D:2 |      52 |       0 |   0.0 |      17 |       0 |   0.0
        D:3 |     113 |       0 |   0.0 |      29 |       0 |   0.0
        D:4 |      87 |       0 |   0.0 |       4 |       0 |   0.0
            +---------+---------+-------+---------+---------+-------
